 Dungeon Crawl Stone Soup version 0.31-a0-931-g7b59d4eb97 (webtiles) character file.

Game seed: 4738359052743098711

30 protoss039 the Digger (level 3, 26/26 HPs)
             Began as a Demonspawn Earth Elementalist on Oct 19, 2023.
             Got out of the dungeon alive.
             The game lasted 00:01:27 (623 turns).

protoss039 the Digger (DsEE)                         Turns: 623, Time: 00:01:27

Health: 26/26      AC:  3    Str:  8    XL:     3   Next: 3%
Magic:  6/6        EV: 12    Int: 18    God:
Gold:   22         SH:  0    Dex: 13    Spells: 5/6 levels left

rFire   . . .        c - +0 dagger
rCold   . . .        (no shield)
rNeg    . . .        a - +0 robe
rPois   .            (no helmet)
rElec   .            f - +0 cloak
rCorr   .            (no gloves)
SInv    .            (no boots)
Will    .....        (no amulet)
Stlth   ++           (no ring)
HPRegen 0.24/turn    (no ring)
MPRegen 0.10/turn

%: no passive effects
@: no status effects
A: hooves 1, foul stench 1
a: no special abilities


You escaped.
You visited 1 branch of the dungeon, and saw 1 of its levels.

You collected 22 gold pieces.

Inventory:

Hand Weapons
 c - a +0 dagger (weapon)
Armour
 a - a +0 robe (worn)
 f - a +0 cloak (worn)
Scrolls
 e - a scroll of enchant weapon {unknown}
Potions
 b - a potion of magic
 d - a potion of heal wounds {unknown}


   Skills:
 + Level 1.4 Fighting
 - Level 1.7 Dodging
 - Level 1.7 Stealth
 + Level 2.4 Spellcasting
 - Level 0.8 Transmutations
 + Level 3.1 Earth Magic


You had 5 spell levels left.
You knew the following spells:

 Your Spells              Type           Power      Damage    Failure   Level
a - Sandblast             Erth           26%        2d8       4%          1

Your spell library contained the following spells:

 Spells                   Type           Power      Damage    Failure   Level
 Passwall                 Tmut/Erth      7%         N/A       12%         2
 Stone Arrow              Conj/Erth      14%        3d7       26%         3
 Petrify                  Tmut/Erth      9%         N/A       58%         4
 Brom's Barrelling Bould  Conj/Erth      7%         2d3       65%         4


Dungeon Overview and Level Annotations

Branches:
Dungeon (1/15) Zot: 5363

Altars:


Innate Abilities, Weirdness & Mutations

You have large cloven feet.
You may rarely emit foul miasma when damaged in melee.


Message History

The giant cockroach is severely wounded.
The giant cockroach misses you.
The giant cockroach bites you but does no damage.
There are monsters nearby!
You hit the giant cockroach but do no damage.
You punch the giant cockroach, but do no damage.
The giant cockroach is severely wounded.
The giant cockroach barely misses you.
There are monsters nearby!
You hit the giant cockroach but do no damage.
The giant cockroach is severely wounded.
The giant cockroach bites you. The goblin hits you but does no damage.
Casting: Sandblast (safe; 5% risk of failure)
Confirm with . or Enter, or press ? or * to list all spells.
Aiming: Sandblast (safe; 5% risk of failure)
Press: ? - help, Shift-Dir - straight line, f - giant cockroach
Aim: a giant cockroach (severely wounded, 82% to hit)
The blast of sand hits the giant cockroach.
You kill the giant cockroach!
The goblin hits you but does no damage.
You have reached level 3!
Your experience leads to an increase in your attributes!
Increase (S)trength, (I)ntelligence, or (D)exterity?
You feel clever. x2; Your demonic ancestry asserts itself...
You begin to emit a foul stench of rot and decay.
Unknown command.
Casting: Sandblast (safe; 4% risk of failure)
Confirm with . or Enter, or press ? or * to list all spells.
Aiming: Sandblast (safe; 4% risk of failure)
Press: ? - help, Shift-Dir - straight line, f - goblin
Aim: a goblin, wielding a +0 dagger (77% to hit)
The blast of sand hits the goblin.
You kill the goblin!
You hear a splash.
Unknown command.
There is an open door here.
Found a bubbling blue potion.
Found an escape hatch in the floor.
There is an empty arch of ancient stone here.
There is a staircase leading out of the dungeon here.
You have escaped!

#........##.##.......
#>.....⌠.....##......
#!.♣♣♣...............
.♣♣♣♣♣♣♣..#####......
## ♣♣∩∩∩♣♣♣..# #.....
#...♣∩...∩♣♣..#
##.....
♣......♣♣♣.####......
♣∩.♣.♣.∩♣♣.##........
♣∩ ♣@♣......(........
♣ ♣.♣.∩♣♣.#......... #
....♣♣♣.#......... #.
.∩...∩♣♣..#.........
#.
♣♣∩∩∩♣♣♣.##.........
#.♣♣♣♣♣♣♣.............
#..♣♣♣..##...........
#⌠.....>##...........
#.##..###..#.........


There were no monsters in sight!

Vanquished Creatures
  4 bats (D:1)
  2 endoplasms (D:1)
  2 giant cockroaches (D:1)
  5 goblins (D:1)
  2 hobgoblins (D:1)
  A kobold (D:1)
  2 quokkas (D:1)
  2 ball pythons (D:1)
  6 rats (D:1)
26 creatures vanquished.

Notes
Turn   | Place    | Note
-------+----------+-------------------------------------------
     0 | D:1      | protoss039 the Demonspawn Earth Elementalist began the
                  | quest for the Orb.
     0 | D:1      | Reached XP level 1. HP: 13/13 MP: 3/3
   184 | D:1      | Gained mutation: You have large cloven feet. [demonic
                  | ancestry]
   184 | D:1      | Reached XP level 2. HP: 20/20 MP: 0/5
   196 | D:1      | Reached skill level 1 in Fighting
   348 | D:1      | Reached skill level 3 in Earth Magic
   594 | D:1      | Gained mutation: You may rarely emit foul miasma when
                  | damaged in melee. [demonic ancestry]
   594 | D:1      | Reached XP level 3. HP: 24/26 MP: 4/6
   623 | D:$      | Got out of the dungeon alive.

Illustrated notes

Levels and vault maps discovered:
D:1:      heliophobic_arrival_henge, layout_rooms, skrybe_limestone_x,
          minmay_tree_intersection, kennysheep_small_spiral

Skill      XL: |  1  2 |
---------------+-------+-----
Fighting       | 1 |  1.4
Earth Magic    | 3 |  3.1
Dodging        | |  1.7
Stealth        | |  1.7
Spellcasting   | |  2.4
Transmutations | |  0.8

Action                     || total
---------------------------++-------
  Melee: Unarmed           ||    15
         Dagger            ||    19
         Kick              ||     5
         Punch             ||     1
   Cast: Sandblast         ||    27
   Stab: Sleeping          ||     2
 Armour: Robe              ||    33
  Dodge: Dodged            ||    36

Table legend: (Time is in decaauts)
 A = Elapsed time spent in this place.
 B = Non-inter-level travel time spent in this place.
 C = Inter-level travel time spent in this place.
 D = Time resting spent in this place.
 E = Time spent auto-exploring this place.
 F = Levels seen in this place.
 G = Mean time per level.
                   A        B        C        D        E       F      G
               +--------+--------+--------+--------+--------+-----+--------+
         Total |    636 |    613 |     23 |     23 |    417 |   1 |  636.0 |
       Dungeon |    636 |    613 |     23 |     23 |    417 |   1 |  636.0 |
               +--------+--------+--------+--------+--------+-----+--------+

Top non-repeatable levels by time:
     D:1: 636 daAuts
